 Dungeon Crawl Stone Soup version 0.25-a0-317-g5f8687bca5 (webtiles) character file.

Game seed: 3582302031307279957, levelgen mode: classic

674 Borgoz the Cudgeler (level 7, -2/44 HPs)
             Began as a Gargoyle Fighter on Dec 25, 2019.
             Killed from afar by an orc wizard (7 damage)
             ... with a puff of flame
             ... on level 4 of the Dungeon.
             The game lasted 00:06:21 (3588 turns).

Borgoz the Cudgeler (Gargoyle Fighter)              Turns: 3588, Time: 00:06:23

Health: -2/44      AC: 13    Str: 25    XL:     7   Next: 59%
Magic:  7/7        EV: 14    Int:  8    God:
Gold:   169        SH: 10    Dex: 16    Spells: 6/6 levels left

rFire    . . .     SeeInvis .   a - +0 flail
rCold    . . .     Gourm    .   c - +0 shield
rNeg     + . .     Faith    .   b - +0 scale mail
rPois    ∞         Spirit   .   n - +0 helmet
rElec    +         Reflect  .   h - scarf {cloud immunity}
rCorr    .         Harm     .   (no gloves)
MR       .....                  (no boots)
Stlth    +.........             (no amulet)
HPRegen  0.14/turn              (no ring)
MPRegen  0.10/turn              (no ring)

@: mighty, agile
A: negative energy resistance 1, electricity resistance, unbreathing,
petrification resistance, rot immunity, AC +4
a: no special abilities


You were on level 4 of the Dungeon.
You were not hungry.

You visited 1 branch of the dungeon, and saw 4 of its levels.

You collected 169 gold pieces.

Inventory:

Hand Weapons
 a - a +0 flail (weapon)
Armour
 b - a +0 scale mail (worn)
 c - a +0 shield (worn)
 h - a scarf of cloud immunity (worn)
 n - a +0 helmet (worn)
Jewellery
 g - an uncursed ring of ice
Wands
 e - a wand of paralysis (5)
Scrolls
 k - 2 scrolls of amnesia {unknown}
 l - 3 scrolls of magic mapping {unknown}
 o - a scroll of fear {unknown}
 q - 3 scrolls of remove curse {unknown}
 t - a scroll of random uselessness {unknown}
 u - 2 scrolls of immolation {unknown}
Potions
 d - a potion of might
 i - 2 potions of curing
 m - 2 potions of brilliance
 p - a potion of flight
 r - a potion of agility
 s - a potion of heal wounds
Comestibles
 f - 6 rations
 v - a chunk of flesh


   Skills:
 + Level 5.1 Fighting
 * Level 5.4 Maces & Flails
 + Level 5.1 Armour
 + Level 2.6 Dodging
 - Level 3.2 Shields


You had 6 spell levels left.
You didn't know any spells.
Your spell library was empty.

Dungeon Overview and Level Annotations

Branches:
Dungeon (4/15)
 Temple: D:4-7

Altars:
Cheibriados
Fedhas
Trog
Wu Jian
Xom
Yredelemnul


Innate Abilities, Weirdness & Mutations

You are resistant to torment.
Your stone body is resilient. (AC +4)
You are immune to poison.
You resist negative energy. (rN+)
You are resistant to electric shocks. (rElec)
You can survive without breathing.
You are immune to petrification.
You are immune to rotting.


Message History

You block the quokka's attack. Something hits you but does no damage.
You sock the orc!
You kill the orc!
The adder barely misses you. Something hits you but does no damage.
The quokka closely misses you.
You hear some strange, mumbled words.
A puff of flame appears from out of thin air!
The puff of flame hits you but does no damage.
The adder closely misses you.
You hear some strange, mumbled words.
A magic dart appears from out of thin air!
The magic dart hits you but does no damage.
The quokka bites you but does no damage.
You sock the adder!
You kill the adder!
A leopard gecko comes into view.
You hear some strange, mumbled words.
A puff of flame appears from out of thin air!
The puff of flame hits you!
You die...

.# ..... ## .... #...S.
.### ... .....#
...###..#.....##....a.
.....#.........l....
............ ....
...........####.###
...........##....a##
.....<.....#...)@..#
...........#...).r.#
..............._.......#
...........#.......#...#
##.........#.......# .##
#####.##...##.....## .#
####...##..####.### #
..####.##.... .... .###
.####.....#..


You could see a worker ant, a leopard gecko (wandering) and a quokka.

Vanquished Creatures
  2 hounds (D:4)
  Crazy Yiuf (D:3)
  5 orc priests
  3 orc wizards
  Terence (D:3)
  Natasha (thrice) (D:3)
  Robin (D:2)
  7 adders
  3 worms
  2 dart slugs
  3 leopard geckos
  29 orcs
  6 bats
  4 giant cockroaches
  18 hobgoblins
  11 jackals
  13 kobolds
  2 quokkas (D:3)
  A ball python (D:2)
  5 frilled lizards
  19 goblins
  2 rats (D:2)
141 creatures vanquished.

Vanquished Creatures (others)
  An orc (D:4)
  A plant (D:2)
2 creatures vanquished.

Grand Total: 143 creatures vanquished

Notes
Turn   | Place    | Note
-------+----------+-------------------------------------------
     0 | D:1      | Borgoz the Gargoyle Fighter began the quest for the Orb.
     0 | D:1      | Reached XP level 1. HP: 14/14 MP: 1/1
   155 | D:1      | Reached XP level 2. HP: 19/19 MP: 2/2
   262 | D:1      | Found a blossoming altar of Fedhas.
   264 | D:1      | Found a shimmering altar of Xom.
   264 | D:1      | Found a blossoming altar of Fedhas.
   266 | D:1      | Found a basalt altar of Yredelemnul.
   266 | D:1      | Found a shattered altar of Ashenzari.
   266 | D:1      | Found a snail-covered altar of Cheibriados.
   745 | D:2      | Reached XP level 3. HP: 22/23 MP: 3/3
   890 | D:2      | Reached skill level 1 in Dodging
   919 | D:2      | Found a faded altar of an unknown god.
  1108 | D:2      | Noticed Robin
  1122 | D:2      | Reached XP level 4. HP: 29/29 MP: 4/4
  1161 | D:2      | Killed Robin
  1499 | D:2      | Found an ornate altar of the Wu Jian Council.
  1737 | D:2      | Reached XP level 5. HP: 33/33 MP: 5/5
  2103 | D:3      | Noticed Terence
  2105 | D:3      | Noticed Natasha
  2119 | D:3      | Killed Natasha
  2126 | D:3      | Killed Terence
  2126 | D:3      | Reached XP level 6. HP: 28/39 MP: 6/6
  2915 | D:3      | Reached XP level 7. HP: 33/44 MP: 7/7
  3170 | D:3      | Found a runed translucent door.
  3171 | D:3      | Noticed Crazy Yiuf
  3231 | D:3      | Killed Crazy Yiuf
  3231 | D:3      | Reached skill level 5 in Maces & Flails
  3295 | D:3      | Reached skill level 5 in Armour
  3310 | D:3      | Noticed Natasha
  3319 | D:3      | Killed Natasha
  3339 | D:3      | Reached skill level 5 in Fighting
  3346 | D:3      | Noticed Natasha
  3348 | D:3      | Killed Natasha
  3562 | D:4      | Found a bloodstained altar of Trog.
  3570 | D:4      | Identified the +9 war axe of Gluttony {chop, rPois Int+4}
  3588 | D:4      | Killed from afar by an orc wizard

Levels and vault maps discovered:
D:1:      ncdulo_watergridlock, layout_basic, doesnt_xom_only_xom
D:2:      layout_loops_corners, overflow_temple_1_default,
          chequers_ecumenical_altar_lobes, minmay_cut_off, uniq_robin
D:3:      layout_loops_ring, minmay_diced_spiral, uniq_terence, uniq_natasha,
          uniq_crazy_yiuf_cottage
D:4:      layout_cave_pools, old_standard_altar, serial_shops,
          nicolae_shop_trees

Skill      XL: |  1  2  3  4  5  6  7 |
---------------+----------------------+-----
Maces & Flails | 3 4 5 |  5.4
Dodging        | 1 2 |  2.6
Fighting       | 4 5 |  5.1
Armour         | 4 5 |  5.1
Shields        | |  3.2

Action                   |  1- 3 |  4- 6 |  7- 9 || total
-------------------------+-------+-------+-------++-------
Melee: Flail             |   117 |   381 |    69 ||   567
  Use: Potion            |       |     1 |     2 ||     3
       Scroll            |       |     5 |     1 ||     6
  Eat: Chunk             |     1 |     7 |     2 ||    10
Armor: Scale mail        |    53 |   188 |    48 ||   289
Dodge: Dodged            |    25 |   108 |    35 ||   168
Block: Shield            |    61 |   217 |    31 ||   309

Table legend:
 A = Non-vault XP
 B = Vault XP
 C = Vault XP percentage of total XP
 D = Non-vault monster count
 E = Vault monster count
 F = Vault count percentage of total count
                 A         B        C        D         E       F
            +---------+---------+-------+---------+---------+-------
      Total |     803 |     161 |  16.7 |     119 |      22 |  15.6
            +---------+---------+-------+---------+---------+-------
        D:1 |      30 |       0 |   0.0 |      18 |       0 |   0.0
        D:2 |      92 |      45 |  32.8 |      30 |      17 |  36.2
        D:3 |     447 |     116 |  20.6 |      52 |       5 |   8.8
        D:4 |     234 |       0 |   0.0 |      19 |       0 |   0.0
            +---------+---------+-------+---------+---------+-------
